 Dungeon Crawl Stone Soup version 0.28.0-49-g6dfe1f597d (webtiles) character file.

Game seed: 15111359592326542056

38931 Atelerd the Covert (level 14, -4/127 HPs)
             Began as an Octopode Earth Elementalist on May 15, 2022.
             Was a High Priest of Sif Muna.
             Slain by a naga warrior
             ... wielding a +0 glaive
              (44 damage)
             ... on level 1 of the Snake Pit.
             The game lasted 00:42:30 (22625 turns).

Atelerd the Covert (Octopode Earth Elementalist)   Turns: 22625, Time: 00:42:33

Health: -4/127     AC: 35    Str: 13    XL:     14   Next: 4%
Magic:  44/44      EV: -1    Int: 33    God:    Sif Muna [*****.]
Gold:   858        SH:  0    Dex: 13    Spells: 11/36 levels left

rFire   . . .      SeeInvis .   b - staff of earth
rCold   . . .      Faith    .   (no shield)
rNeg    + + .      Spirit   .   (helmet currently unavailable)
rPois   +          Reflect  .   A - amulet of regeneration
rElec   .          Harm     .   c - ring of willpower
rCorr   .          Rampage  .   j - +4 ring of protection
Will    +++..      NoTele   +   p - +4 ring of protection
Stlth   +++++.....              w - ring of Midnight {rPois rN+ MP+9 Str+5}
HPRegen 1.11/turn               L - ring of magical power
MPRegen 0.29/turn               r - +6 ring of intelligence
                                Y - ring of positive energy
                                k - +6 ring of intelligence

@: tree-form, attractive, constricted
A: stationary, stasis, torment immunity, boosted hp, almost no armour,
(amphibious), 8 rings, (camouflage 1), (gelatinous body 1), (nimble swimmer 1),
(tentacles), (tentacle spike 1), low MP 1, strong-willed 1
a: Renounce Religion, Channel Magic, Forget Spell, Divine Exegesis


You were on level 1 of the Snake Pit.
You worshipped Sif Muna.
Sif Muna was extremely pleased with you.
You were a tree.
You visited 4 branches of the dungeon, and saw 20 of its levels.
You also visited: Sewer.

You collected 1026 gold pieces.
You spent 168 gold pieces at shops.

Inventory:

Hand Weapons
 a - the +6 dagger "Ycvegeil" {vorpal, Str+4}
   (You bought it in a shop on level 10 of the Dungeon)

   It inflicts extra damage upon your enemies.
   Str:       It affects your strength (+4).
Missiles
 t - 350 stones
Magical Staves
 b - a staff of earth (weapon)
Jewellery
 c - a ring of willpower (left branch)
 f - a ring of flight
 j - a +4 ring of protection (right branch)
 k - a +6 ring of intelligence (on tentacle)
 p - a +4 ring of protection (on tentacle)
 r - a +6 ring of intelligence (on tentacle)
 w - the ring of Midnight (on tentacle) {rPois rN+ MP+9 Str+5}
   (You found it on level 5 of the Dungeon)

   [ring of magical power]

   Str:       It affects your strength (+5).
   rPois:     It protects you from poison.
   rN:        It protects you from negative energy.
   MP:        It affects your magic capacity (+9).
 A - an amulet of regeneration (around neck)
 L - a ring of magical power (on tentacle)
 O - a +6 ring of dexterity
 P - an amulet of magic regeneration
 Y - a ring of positive energy (on tentacle)
Wands
 x - a wand of acid (14)
 C - a wand of iceblast (11)
 E - a wand of flame (39)
 N - a wand of digging (7)
 T - a wand of paralysis (4)
Scrolls
 e - a scroll of fear {unknown}
 h - 3 scrolls of silence {unknown}
 m - 3 scrolls of magic mapping
 o - 3 scrolls of noise {unknown}
 q - 3 scrolls of immolation
 v - 4 scrolls of enchant armour {unknown}
 y - a scroll of fog
 F - a scroll of enchant weapon
 J - a scroll of blinking
 K - 2 scrolls of brand weapon
 Q - a scroll of amnesia {unknown}
 R - 6 scrolls of teleportation
 V - a scroll of torment {unknown}
 X - 2 scrolls of summoning {unknown}
 Z - 3 scrolls of vulnerability
Potions
 d - 2 potions of resistance
 g - 2 potions of ambrosia
 i - 4 potions of degeneration
 n - a potion of cancellation {unknown}
 s - 5 potions of curing
 u - 2 potions of heal wounds
 z - 8 potions of might
 B - 2 potions of flight
 D - 2 potions of invisibility {unknown}
 G - 3 potions of lignification
 H - a potion of berserk rage {unknown}
 I - 3 potions of mutation
 M - a potion of magic {unknown}
 S - 4 potions of attraction
 W - a potion of brilliance {unknown}


   Skills:
 - Level 4.0 Fighting
 - Level 6.0 Short Blades
 - Level 5.0 Dodging
 - Level 12.0 Stealth
 + Level 11.7 Spellcasting
 + Level 9.3 Conjurations
 - Level 2.0 Translocations
 - Level 5.0 Transmutations
 + Level 11.1 Earth Magic
 - Level 8.0 Invocations


You had 11 spell levels left.
You knew the following spells:

 Your Spells              Type           Power      Damage    Failure   Level
a - Sandblast             Erth           100%       2d20      1%          1
b - Iskenderun's Mystic   Conj/Tloc      54%        2d12      2%          4
l - Lee's Rapid Deconstr  Erth           47%        3d24*     1%          5
p - Petrify               Tmut/Erth      83%        N/A       1%          4
r - Stone Arrow           Conj/Erth      100%       3d13      1%          3
s - Lehudib's Crystal Sp  Conj/Erth      46%        10d11     93%         8

Your spell library contained the following spells:

 Spells                   Type           Power      Damage    Failure   Level
 Apportation              Tloc           64%        N/A       1%          1
 Passwall                 Tmut/Erth      69%        N/A       1%          2
 Dazzling Flash           Conj/Hex       100%       N/A       1%          3
 Scorch                   Fire           38%        2d6       3%          2
 Flame Wave               Conj/Fire      50%        2d10      3%          4
 Fulminant Prism          Conj/Hex       25%        3d14      3%          4
 Portal Projectile        Hex/Tloc       52%        N/A       4%          3
 Ozocubu's Armour         Ice            19%        N/A       7%          3
 Blade Hands              Tmut           25%        N/A       9%          5
 Passage of Golubria      Tloc           32%        N/A       11%         4
 Alistair's Intoxication  Tmut/Pois      23%        N/A       24%         5
 Starburst                Conj/Fire      25%        6d8       47%         6
 Excruciating Wounds      Necr           9%         N/A       54%         5
 Metabolic Englaciation   Hex/Ice        9%         N/A       54%         5
 Silence                  Hex/Air        9%         N/A       54%         5
 Simulacrum               Ice/Necr       9%         N/A       98%         6
 Summon Cactus Giant      Summ           9%         N/A       98%         6
 Ozocubu's Refrigeration  Ice            9%         4d6       100%        7
 Animate Armour           Summ/Erth      Unusable   N/A       N/A         4

Dungeon Overview and Level Annotations

Branches:
Dungeon (12/15)            Temple (1/1) D:4            Lair (6/6) D:11
 Shoals (0/4) Lair:2        Snake (1/4) Lair:2        Slime (0/5) Lair:6
  Sewer (visited)
    Orc: D:9-12

Altars:
Dithmenos
Gozag
Nemelex Xobeh
Okawaru
Sif Muna
Trog
Vehumet
Zin
The Shining One
Beogh

Shops:
D:6 [   D:10 (

Annotations:
D:1 exclusion: downstairs
D:2 exclusion: downstairs
D:3 exclusion: downstairs
D:10 Fannar
D:11 2 transporters, exclusion: downstairs
Lair:2 1 runed translucent door, kulik242's ghost, journeyman DrTm
Lair:3 2 transporters, Deed's ghost, journeyman MiFi
Lair:5 exclusion: downstairs


Innate Abilities, Weirdness & Mutations

You are a tree.
Your roots penetrate the ground, keeping you stationary.
You cannot be teleported.
You are immune to unholy pain and torment.
Your maximum health is greatly increased.
You cannot wear most types of armour.
((You are amphibious.))
You can wear up to eight rings at the same time.
((Your skin changes colour to match your surroundings (Stealth+).))
((Your rubbery body absorbs attacks. (AC +1, EV +1)))
((You are camouflaged when in or above water. (Stealth+)))
((You have tentacles for arms and can constrict up to eight enemies at once.))
((One of your tentacles bears a spike.))
Your magical capacity is low. (-10% MP)
You are strong-willed. (Will+)


Message History

You feel less energetic.
You feel strong-willed.
One of your lower tentacles grows a sharp spike.
The shock serpent barely misses you.
The naga mage casts a spell.
The naga mage seems to speed up.
The naga is attracted toward you.
Blink to where?
Press: ? - help, Dir - move target
As you read the scroll of blinking, it crumbles to dust.
The anaconda is attracted toward you.
The naga warrior is attracted toward you. x2
The naga mage is attracted toward you.
The shock serpent is attracted toward you.
The naga is attracted toward you.
As you read the scroll of teleportation, it crumbles to dust.
You feel strangely unstable. The anaconda closely misses you.
The anaconda bites you.
* * * LOW HITPOINT WARNING * * *
The naga warrior is attracted toward you.
The shock serpent is attracted toward you.
The naga is attracted toward you. x3
The anaconda grabs you. The anaconda closely misses you.
The anaconda constricts you.
* * * LOW HITPOINT WARNING * * *
The naga is attracted toward you.
It was a potion of lignification.
You turn into a tree.
Your roots penetrate the ground.
You feel strangely stable.
The anaconda bites you but does no damage.
The anaconda constricts you.
* * * LOW HITPOINT WARNING * * *
The naga warrior hits you from afar with a +0 glaive.
* * * LOW HITPOINT WARNING * * *
Okay, then.
Okay, then.
It was a potion of heal wounds.
You feel much better.
The anaconda bites you but does no damage.
The anaconda constricts you.
The anaconda bites you but does no damage.
The anaconda constricts you.
The naga warrior hits you from afar with a +0 glaive!!!
You die...

##### ##...## .
##§.♣..## ..
#(§.....# #.
##[.♣§.N..# #.
#.N..§.<§.# #.
#NN.♣.....#
#.###N#.§.....#
#.♣SSN...♣..##
########...##
##.## . ..


You could see 2 naga warriors, an anaconda, a shock serpent and a naga (strong).

Vanquished Creatures
  A boulder beetle (Lair:5)
  4 catoblepae
  3 hydras
  2 two-headed ogres (D:11)
  7 death yaks (Lair:6)
  Sonja (Lair:5)
  A deep elf pyromancer (D:12)
  2 manticores (Lair:6)
  6 elephants
  5 black mambas
  9 cane toads
  2 rime drakes
  A gargoyle (D:11)
  Maggie (D:6)
  An unseen horror (D:10)
  4 komodo dragons
  2 trolls
  Grinder (D:3)
  2 hornets
  A slime creature (Lair:6)
  14 blink frogs
  5 wyverns
  2 wraiths
  25 yaks
  A basilisk (Lair:4)
  A shadow (D:11)
  Eustachio (D:5)
  6 vampire mosquitoes
  4 nagas (Lair:2)
  2 acid dragons
  Duvessa (D:5)
  18 water moccasins
  A hornet zombie (D:8)
  2 ice beasts
  2 black bears
  3 orc warriors
  3 sky beasts
  2 necrophages
  Pargi (Sewer)
  10 wolves
  3 ogres
  7 centaurs
  2 phantoms
  Blork the orc (D:4)
  4 kobold brigands
  6 bullfrogs
  2 gnoll sergeants
  5 scorpions
  A wyvern zombie (D:7)
  A wyvern skeleton (D:6)
  Dowan (D:5)
  A killer bee (D:8)
  A wight (D:7)
  6 howler monkeys
  7 orc priests
  3 centaur zombies
  3 hounds
  5 jellies
  A bullfrog skeleton (D:6)
  A gnoll shaman (D:7)
  4 iguanas
  Ijyb (D:5)
  8 orc wizards
  A hound skeleton (D:4)
  A howler monkey zombie (D:9)
  21 gnolls
  A howler monkey skeleton (D:6)
  7 adders
  A white imp (D:7)
  An adder skeleton (D:4)
  2 worms
  A dart slug (D:2)
  19 orcs
  10 ball pythons
  2 bats (D:3)
  8 endoplasms
  7 giant cockroaches
  6 goblins
  7 hobgoblins
  3 quokkas
  13 frilled lizards
  13 kobolds
  6 rats
364 creatures vanquished.

Vanquished Creatures (others)
  24 fungi
  54 plants
78 creatures vanquished.

Grand Total: 442 creatures vanquished

Notes
Turn   | Place    | Note
-------+----------+-------------------------------------------
     0 | D:1      | Atelerd the Octopode Earth Elementalist began the quest for
                  | the Orb.
     0 | D:1      | Reached XP level 1. HP: 11/11 MP: 3/3
   175 | D:1      | Reached XP level 2. HP: 17/17 MP: 3/5
   709 | D:2      | Reached XP level 3. HP: 18/21 MP: 4/6
  1498 | D:3      | Reached XP level 4. HP: 16/27 MP: 7/7
  1732 | D:3      | Noticed a phantom
  1740 | D:3      | Killed a phantom
  1741 | D:3      | Reached XP level 5. HP: 25/31 MP: 0/9
  1827 | D:3      | Noticed Grinder
  2235 | D:3      | Noticed a black bear
  2242 | D:3      | Learned a level 4 spell: Petrify
  2256 | D:3      | Killed a black bear
  2257 | D:3      | Reached XP level 6. HP: 36/36 MP: 2/10
  2636 | D:3      | Killed Grinder
  2637 | D:3      | Reached skill level 5 in Earth Magic
  2637 | D:3      | Reached XP level 7. HP: 30/41 MP: 7/12
  2645 | D:3      | Learned a level 3 spell: Stone Arrow
  4346 | D:4      | Noticed Blork the orc
  4361 | D:4      | Killed Blork the orc
  4451 | D:4      | Reached XP level 8. HP: 46/46 MP: 1/15
  4702 | D:4      | Reached skill level 5 in Spellcasting
  4759 | D:4      | Found a glowing golden altar of the Shining One.
  4918 | D:4      | Found a staircase to the Ecumenical Temple.
  5026 | D:5      | Entered Level 5 of the Dungeon
  5068 | D:5      | Identified the ring of Midnight {rPois rN+ MP+9 Str+5}
  5168 | D:5      | Found a glowing drain.
  5235 | D:5      | Reached skill level 3 in Stealth
  5257 | Sewer    | Entered a sewer
  5295 | Sewer    | Noticed Pargi
  5315 | Sewer    | Killed Pargi
  5316 | Sewer    | Reached skill level 1 in Conjurations
  5575 | Temple   | Entered the Ecumenical Temple
  5718 | Temple   | Became a worshipper of Sif Muna the Loreminder
  5771 | D:5      | Reached skill level 4 in Stealth
  5874 | D:5      | Noticed Duvessa
  5874 | D:5      | Noticed Dowan
  5889 | D:5      | Killed Dowan
  5890 | D:5      | Killed Duvessa
  5891 | D:5      | Reached skill level 5 in Stealth
  6050 | D:5      | Reached skill level 6 in Stealth
  6050 | D:5      | Reached XP level 9. HP: 40/51 MP: 12/17
  6214 | D:5      | Noticed Ijyb
  6217 | D:5      | Killed Ijyb
  6218 | D:5      | Noticed Eustachio
  6229 | D:5      | Killed Eustachio
  6389 | D:5      | Reached skill level 7 in Stealth
  6803 | D:5      | You fall into a shaft and drop 3 floors!
  7053 | D:8      | Reached skill level 8 in Stealth
  7341 | D:7      | Reached * piety under Sif Muna
  7955 | D:6      | Learned a level 4 spell: Iskenderun's Mystic Blast
  8117 | D:6      | Reached skill level 1 in Translocations
  8380 | D:6      | Reached XP level 10. HP: 56/56 MP: 20/20
  8432 | D:6      | Found Indra's Dragon-Slaying Spoils.
  8665 | D:6      | Noticed Maggie
  8674 | D:6      | Killed Maggie
  8675 | D:6      | Reached skill level 5 in Transmutations
  8954 | D:6      | Learned a level 5 spell: Lee's Rapid Deconstruction
  9034 | D:7      | Reached skill level 1 in Invocations
  9080 | D:7      | Reached ** piety under Sif Muna
 11239 | D:9      | Found a radiant altar of Vehumet.
 11313 | D:9      | Reached skill level 5 in Invocations
 12089 | D:9      | Reached XP level 11. HP: 61/61 MP: 23/23
 12093 | D:9      | Reached *** piety under Sif Muna
 12200 | D:10     | Entered Level 10 of the Dungeon
 12371 | D:10     | Reached skill level 5 in Dodging
 12454 | D:10     | Found Fiuhung's Antique Weapon Shoppe.
 12542 | D:10     | Bought a smoking dagger for 168 gold pieces
 12542 | D:10     | Identified the +6 dagger "Ycvegeil" {vorpal, Str+4} (You
                  | bought it in a shop on level 10 of the Dungeon)
 12938 | D:10     | Noticed Fannar
 13430 | D:11     | Noticed a two-headed ogre
 13434 | D:11     | Killed a two-headed ogre
 13435 | D:11     | Reached skill level 10 in Spellcasting
 13608 | D:11     | Found a transporter.
 13618 | D:11     | Noticed a two-headed ogre
 13624 | D:11     | Killed a two-headed ogre
 13726 | D:11     | Noticed an ogre mage
 14206 | D:11     | Found a staircase to the Lair.
 14486 | D:11     | Noticed a cyclops
 14491 | D:11     | Found a transporter.
 14726 | Lair:1   | Entered Level 1 of the Lair of Beasts
 14751 | Lair:1   | Noticed a five-headed hydra
 14764 | Lair:1   | Killed a five-headed hydra
 14765 | Lair:1   | Reached skill level 1 in Fighting
 14765 | Lair:1   | Reached skill level 1 in Short Blades
 15142 | Lair:1   | Reached XP level 12. HP: 70/70 MP: 26/26
 15542 | Lair:2   | Found a staircase to the Shoals.
 15833 | Lair:2   | Reached skill level 9 in Stealth
 15833 | Lair:2   | Reached skill level 5 in Conjurations
 15954 | Lair:2   | Found a staircase to the Snake Pit.
 16081 | Lair:2   | Noticed kulik242's ghost (journeyman DrTm)
 16085 | Lair:2   | Found a runed translucent door.
 16257 | Lair:2   | Noticed a six-headed hydra
 16267 | Lair:2   | Killed a six-headed hydra
 16693 | Lair:3   | Reached **** piety under Sif Muna
 16759 | Lair:3   | Noticed a catoblepas
 17083 | Lair:3   | Noticed a seven-headed hydra
 17123 | Lair:3   | Killed a seven-headed hydra
 17453 | Lair:3   | Reached skill level 10 in Stealth
 17587 | Lair:3   | Reached skill level 10 in Earth Magic
 18502 | Lair:5   | Reached XP level 13. HP: 77/79 MP: 28/28
 18911 | Lair:5   | Noticed Sonja
 18918 | Lair:5   | Killed Sonja
 19396 | Lair:6   | Entered Level 6 of the Lair of Beasts
 19883 | Lair:6   | Found a staircase to the Slime Pits.
 19947 | Lair:6   | Learned a level 8 spell: Lehudib's Crystal Spear
 20095 | Lair:6   | Reached ***** piety under Sif Muna
 20186 | Lair:6   | Reached skill level 5 in Short Blades
 20478 | Lair:6   | Reached skill level 11 in Stealth
 21469 | Lair:6   | Identified the +5 hand crossbow "Reummo" {speed, Int+2}
 21891 | Lair:3   | Reached skill level 12 in Stealth
 21891 | Lair:3   | Reached XP level 14. HP: 85/85 MP: 14/29
 22016 | Lair:3   | Found a transporter.
 22016 | Lair:3   | Noticed Deed's ghost (journeyman MiFi)
 22031 | Lair:3   | Found a transporter.
 22611 | Snake:1  | Entered Level 1 of the Snake Pit
 22620 | Snake:1  | Gained mutation: Your magical capacity is low. (-10% MP)
                  | [potion of mutation]
 22620 | Snake:1  | Gained mutation: You are strong-willed. (Will+) [potion of
                  | mutation]
 22620 | Snake:1  | Gained mutation: One of your tentacles bears a spike.
                  | [potion of mutation]
 22625 | Snake:1  | Slain by a naga warrior

Illustrated notes

Levels and vault maps discovered:
D:1:      lightli_arrival_statuegarden, layout_basic
D:2:      layout_basic, glass_columns_b
D:3:      layout_basic, moated_statue, kennysheep_doodads, uniq_grinder
D:4:      layout_rooms, nicolae_tso_carved_into_rock,
          minmay_temple_entry_enclosed_plants, uniq_blork_the_orc
D:5:      layout_loops_ring, portal_sewer_entry_f, uniq_eustachio, uniq_ijyb,
          uniq_duvessa
D:6:      layout_basic, nicolae_shop_dragon_depot, uniq_maggie
D:7:      layout_basic, kennysheep_opposing_triangles
D:8:      minmay_general_purpose_star, layout_rooms, roderic_serpentine_path
D:9:      layout_roguey, lemuel_round_altar
D:10:     layout_irregular_city, serial_shops, nicolae_shop_overgrown_old_shop,
          uniq_fannar
D:11:     gammafunk_beogh_shrine, layout_loops_cross, david_lair_shrubbed
D:12:     layout_layer_cave, hiddenorc1_lemuel, bloody_makhleb
Temple:   mainiacjoe_temple_big_plus
Lair:1:   layout_big_grid, ldierk_geyser, grunt_megastairs_5
Lair:2:   layout_roguey, elwin_shoals_entry_rocks,
          minmay_snake_entry_guardpost_small, hellmonk_ghost_happy_afterlife
Lair:3:   layout_big_grid, gammafunk_ghost_arena, lemuel_fruit_tree
Lair:4:   layout_hall_layers, serial_bayou_shore_b, grunt_megastairs_1
Lair:5:   layout_long_grid, uniq_sonja
Lair:6:   evilmike_catoblepas_cave, layout_regular_city,
          minmay_slime_entry_pillars, wad_woods_road_02, serial_bayou_shore_b
Snake:1:  layout_onion_interference, serial_shops, shop, grunt_ministairs_9,
          lemuel_oklob_altar, minmay_shop_grove, uniq_frances

Skill      XL: |  1  2  3  4  5  6  7  8  9 10 11 12 13 |
---------------+----------------------------------------+-----
Earth Magic    | 4 5 6 7 9 10 11 | 11.1
Spellcasting   | 3 4 5 7 8 10 11 | 11.7
Transmutations | 2 3 4 5 |  5.0
Stealth        | 6 8 10 12 | 12.0
Conjurations   | 2 4 8 9 |  9.3
Translocations | 1 2 |  2.0
Invocations    | 5 7 8 |  8.0
Dodging        | 4 5 |  5.0
Fighting       | 2 4 |  4.0
Short Blades   | 2 4 6 |  6.0

Action                   |  1- 3 |  4- 6 |  7- 9 | 10-12 | 13-15 || total
-------------------------+-------+-------+-------+-------+-------++-------
Melee: Unarmed           |    27 |    14 |       |       |       ||    41
       Constrict         |    12 |     9 |    23 |    27 |     5 ||    76
       Tentacles         |    10 |    13 |    46 |    40 |     7 ||   116
       Punch             |     1 |       |     3 |     2 |       ||     6
       Dagger            |       |    38 |   126 |   137 |    31 ||   332
       Staff             |       |       |       |       |     5 ||     5
 Cast: Sandblast         |    44 |     8 |    39 |    55 |    21 ||   167
       Petrify           |       |     3 |    49 |   109 |    44 ||   205
       Stone Arrow       |       |       |    57 |    70 |    23 ||   150
       Lee's Rapid Decon |       |       |       |    64 |    72 ||   136
       Iskenderun's Myst |       |       |       |    10 |       ||    10
Invok: Channel Magic     |       |       |       |       |     3 ||     3
Evoke: Wand              |       |       |       |     2 |       ||     2
  Use: Potion            |       |       |     3 |     1 |     6 ||    10
       Scroll            |       |       |     2 |     9 |     5 ||    16
 Stab: Sleeping          |     1 |     5 |    13 |     5 |     1 ||    25
       Petrified         |       |    15 |    66 |    76 |    23 ||   180
       Petrifying        |       |       |    11 |     2 |     2 ||    15
       Distracted        |       |       |     1 |       |       ||     1
Armor: Skin              |     7 |    20 |    29 |    39 |    16 ||   111
Dodge: Dodged            |    21 |    20 |    46 |    92 |    42 ||   221
